AoeStats
← Just a chill guy

Arabian Desert

510690296Analyzed
1v1 RM · 14h ago on Oct 2, 2026· 31m 12s· 2 players
Game mode
Random Map
Map size
Tiny (2 player)
Population
200
Speed
Normal
Resources
Standard
Victory
Conquest
Starting age
Dark Age
Ending age
Imperial Age
RankedLock teamsTeams togetherTeam positionsShared explorationLock speedFull tech treeHidden civsTurbo modeCheats
Victory
Defeat
🇲🇽 Saxons · Mexico
1223
+15
🇬🇧 Varangians · United Kingdom
1197
-15
Just a chill guy
6:38 Loom
9:07 Feudal Age
9:47 Double-Bit Axe
20:02 Castle Age
24:48 Scale Barding Armor
24:44 Horse Collar
25:36 Bloodlines
29:11 Chain Barding Armor
[A2PL] roqueterpro
6:45 Loom
9:09 Feudal Age
9:25 Man-at-Arms
13:56 Double-Bit Axe
16:37 Fletching
17:00 Horse Collar
22:36 Castle Age
21:54 Gold Mining
22:17 Padded Archer Armor
22:47 Crossbowman
23:28 Bodkin Arrow
25:06 Bow Saw
24:25 Pikeman
26:44 Wheelbarrow
28:20 Forging
28:53 Scale Mail Armor
29:31 Town Watch
30:42 Thumb Ring
Connection lost

Rejoining the realm…

Still unreachable

The connection could not be restored.

Session expired

The server has moved on; the page needs a fresh start.